 Dungeon Crawl Stone Soup version 0.27.1-33-g824d729ab1 (webtiles) character file.

Game seed: 17240554731353336148

7 Shiroimaho the Skirmisher (level 1, 18/18 HPs)
             Began as a Demonspawn Abyssal Knight on Dec 20, 2021.
             Was an Initiate of Lugonu.
             Got out of the dungeon alive.
             The game lasted 00:01:18 (182 turns).

Shiroimaho the Skirmisher (DsAK)                     Turns: 182, Time: 00:01:18

Health: 18/18      AC:  3    Str: 12    XL:     1   Next: 91%
Magic:  2/2        EV: 11    Int: 13    God:    Lugonu [......]
Gold:   8          SH:  0    Dex: 12    Spells: 0/0 levels left

rFire    . . .     SeeInvis .   a - +1 falchion
rCold    . . .     Faith    .   (no shield)
rNeg     . . .     Spirit   .   b - +0 leather armour
rPois    .         Reflect  .   (no helmet)
rElec    .         Harm     .   (no cloak)
rCorr    .         Rampage  .   (no gloves)
Will     .....                  (no boots)
Stlth    +.........             (no amulet)
HPRegen  0.06/turn              (no ring)
MPRegen  0.08/turn              (no ring)

@: no status effects
A: no striking features
a: Renounce Religion


You escaped.
You worshipped Lugonu.
Lugonu was noncommittal.
You visited 1 branch of the dungeon, and saw 1 of its levels.
You visited the Abyss 1 time.

You collected 8 gold pieces.

Inventory:

Hand Weapons
 a - a +1 falchion (weapon)
Armour
 b - a +0 leather armour (worn)


   Skills:
 + Level 3.2 Fighting
 + Level 2.0 Long Blades
 + Level 1.9 Armour
 + Level 0.8 Dodging
 + Level 2.6 Invocations


You couldn't memorise any spells.
You didn't know any spells.
Your spell library was empty.

Dungeon Overview and Level Annotations

Branches:
Dungeon (1/15)

Altars:


Message History

The giant cockroach barely misses you.
The giant cockroach bites you but does no damage.
You barely miss the giant cockroach. The giant cockroach closely misses you.
You hit the giant cockroach.
The giant cockroach is severely wounded.
The giant cockroach bites you.
You barely miss the giant cockroach.
The giant cockroach is severely wounded.
The giant cockroach bites you. The giant cockroach closely misses you.
You hit the giant cockroach.
You kill the giant cockroach!
Lugonu accepts your kill. The endoplasm freezes you.
You are frozen.
You hit the endoplasm.
You kill the endoplasm!
Lugonu accepts your kill.
Found a stone staircase leading down.
You see here a hobgoblin corpse.
You now have 8 gold pieces.
A goblin comes into view. It is wielding a +0 dagger.
The goblin shouts!
The goblin closely misses you.
You barely miss the goblin. The goblin hits you but does no damage.
You slash the goblin!
You kill the goblin!
Lugonu accepts your kill.
Your Long Blades skill increases to level 2!
Things that are here:
a +0 dagger; a goblin corpse Unknown command.
Unknown command.
There is a stone staircase leading down here.
There is a staircase leading out of the dungeon here.
Unknown command.
You can't go down here!
Are you sure you want to leave the Dungeon?
This will make you lose the game! [Y]es or [N]o only, please.
Are you sure you want to leave the Dungeon?
This will make you lose the game!
You have escaped!

#.....######
#........... ##
########†####...... ..
.........# #...... #.
....##..# #..†...
#..######.##.## #......
#...8.....8..## #......
#...#.....#...####......
#...#..@..#.............
#...#.....#..#####......
#...8.....8..# #......
#..##.######.# #######
#...#.....#..#
#............#
#....######### ######


There were no monsters in sight!

Vanquished Creatures
  A bat (D:1)
  An endoplasm (D:1)
  A giant cockroach (D:1)
  2 hobgoblins (D:1)
  A goblin (D:1)
6 creatures vanquished.

Notes
Turn   | Place    | Note
-------+----------+-------------------------------------------
     0 | Abyss:1  | Shiroimaho the Demonspawn Abyssal Knight began the quest
                  | for the Orb.
     0 | Abyss:1  | Reached XP level 1. HP: 18/18 MP: 2/2
     2 | D:1      | Escaped the Abyss
   182 | D:$      | Got out of the dungeon alive.

Illustrated notes

Levels and vault maps discovered:
D:1:      scummos_arrival_simple_crosswalls, layout_basic

Skill      XL: |  1 |
---------------+----+-----
Long Blades    | 2 |  2.0
Fighting       | |  3.2
Armour         | |  1.9
Dodging        | |  0.8
Invocations    | |  2.6

Action                   || total
-------------------------++-------
Melee: Falchion          ||    14
Invok: Depart the Abyss  ||     1
Armor: Leather armour    ||     6
Dodge: Dodged            ||     8
       Rpst.: Falchion   ||     2
